 Dungeon Crawl Stone Soup version 0.25-b1-41-g19641232cd (console) character file.

Game seed: 6386689947780657710

44 Kagalorn the Twirler (level 3, 0/25 HPs)
             Began as a Gnoll Wanderer on June 8, 2020.
             Killed from afar by Natasha (7 damage)
             ... with a magic dart
             ... on level 2 of the Dungeon.
             The game lasted 00:01:50 (1093 turns).

Kagalorn the Twirler (Gnoll Wanderer)               Turns: 1093, Time: 00:01:50

Health: 0/25       AC:  5    Str: 14    XL:     3   Next: 60%
Magic:  9/9        EV: 12    Int: 15    God:
Gold:   53         SH:  0    Dex: 14    Spells: 12/12 levels left

rFire    . . .     SeeInvis .   a - +0 falchion
rCold    . . .     Gourm    .   (no shield)
rNeg     . . .     Faith    .   b - +2 leather armour
rPois    .         Spirit   .   (no helmet)
rElec    .         Reflect  .   (no cloak)
rCorr    .         Harm     .   (no gloves)
MR       .....                  (no boots)
Stlth    ++........             (no amulet)
HPRegen  0.08/turn              (no ring)
MPRegen  0.11/turn              (no ring)

@: no status effects
A: distributed training, fangs 1, strong nose
a: no special abilities


You were on level 2 of the Dungeon.
You were hungry.

You visited 1 branch of the dungeon, and saw 2 of its levels.

You collected 53 gold pieces.

Inventory:

Hand Weapons
 a - a +0 falchion (weapon)
 e - a cursed +0 dagger
Missiles
 f - 23 stones (quivered)
 h - 28 arrows
Armour
 b - a +2 leather armour (worn)
Scrolls
 g - a scroll of magic mapping {unknown}
Potions
 c - a potion of lignification
Comestibles
 d - a ration


   Skills:
 + Level 0.8 Fighting
 + Level 0.8 Short Blades
 + Level 0.8 Long Blades
 + Level 0.8 Axes
 + Level 0.8 Maces & Flails
 + Level 0.8 Polearms
 + Level 6.5 Staves
 + Level 0.8 Slings
 + Level 0.8 Bows
 + Level 0.8 Crossbows
 + Level 2.6 Throwing
 + Level 0.8 Armour
 + Level 2.6 Dodging
 + Level 2.4 Stealth
 + Level 0.8 Shields
 + Level 0.8 Unarmed Combat
 + Level 5.0 Spellcasting
 + Level 0.5 Conjurations
 + Level 0.5 Hexes
 + Level 0.5 Charms
 + Level 0.5 Summonings
 + Level 2.1 Necromancy
 + Level 0.5 Translocations
 + Level 0.5 Transmutations
 + Level 0.5 Fire Magic
 + Level 0.5 Ice Magic
 + Level 0.5 Air Magic
 + Level 0.5 Earth Magic
 + Level 0.5 Poison Magic
 + Level 1.0 Invocations
 + Level 2.6 Evocations


You had 12 spell levels left.
You didn't know any spells.
Your spell library was empty.

Dungeon Overview and Level Annotations

Branches:
Dungeon (2/15)

Altars:

Annotations:
D:2 Natasha


Innate Abilities, Weirdness & Mutations

Your experience applies equally to all skills.
You have very sharp teeth.
Your uncanny sense of smell can sniff out nearby items.


Message History

You see here a stone.
A kobold comes into view. It is wielding a +0 club.
There is an open door here.
You closely miss Natasha. Your bite misses Natasha. Natasha claws you.
The kobold shouts!
You hit Natasha.
Natasha is moderately wounded.
You hear an angry hiss.
Natasha closely misses you.
You hit Natasha but do no damage.
Natasha is moderately wounded.
Natasha claws you!
* * * LOW HITPOINT WARNING * * *
Natasha stares at you and mumbles some strange words.
You resist with significant effort.
You slash Natasha!
Natasha is severely wounded.
Natasha stares at you and mumbles some strange words.
The magic dart hits you!
You die...

.#.# ... .. ..#
..#########[. ###.##
#............
#....#..######..K.........
#.#<.#.... ...............
#.##.##.#####.............
#...........#.............
####...#.###.##....(..$....
#......#.#...@hK.((........
#.###†...#.#.##..†.........
#....#.#...#.##............
###+##..>.....+.)..........
#...........##............
#...################..###.
#...# #.# ##### ..# .#


You could see Natasha and a kobold.

Vanquished Creatures
  Natasha (D:2)
  A leopard gecko (D:1)
  A ball python (D:2)
  2 bats (D:1)
  A goblin (D:1)
  2 hobgoblins (D:1)
  4 jackals (D:1)
  A frilled lizard (D:1)
  3 kobolds
  A rat (D:1)
17 creatures vanquished.

Notes
Turn   | Place    | Note
-------+----------+-------------------------------------------
     0 | D:1      | Kagalorn the Gnoll Wanderer began the quest for the Orb.
     0 | D:1      | Kagalorn set off with the following items: a +0 falchion, a
                  | +2 leather armour, a potion of lignification, a ration
     0 | D:1      | Reached XP level 1. HP: 13/13 MP: 6/6
   142 | D:1      | Reached XP level 2. HP: 9/19 MP: 7/7
  1065 | D:2      | Noticed Natasha
  1071 | D:2      | Noticed a crimson imp
  1074 | D:2      | Killed Natasha
  1074 | D:2      | Reached skill level 5 in Spellcasting
  1074 | D:2      | Reached skill level 1 in Invocations
  1074 | D:2      | Reached XP level 3. HP: 15/25 MP: 7/9
  1082 | D:2      | Noticed Natasha
  1093 | D:2      | Killed from afar by Natasha

Illustrated notes

Levels and vault maps discovered:
D:1:      lightli_arrival_chessboard, layout_loops_corners
D:2:      layout_basic, first_ration, uniq_natasha

Skill      XL: |  1  2 |
---------------+-------+-----
Necromancy     | 2 |  2.1
Spellcasting   | 5 |  5.0
Invocations    | 1 |  1.0
Fighting       | |  0.8
Short Blades   | |  0.8
Long Blades    | |  0.8
Axes           | |  0.8
Maces & Flails | |  0.8
Polearms       | |  0.8
Staves         | |  6.5
Slings         | |  0.8
Bows           | |  0.8
Crossbows      | |  0.8
Throwing       | |  2.6
Armour         | |  0.8
Dodging        | |  2.6
Stealth        | |  2.4
Shields        | |  0.8
Unarmed Combat | |  0.8
Conjurations   | |  0.5
Hexes          | |  0.5
Charms         | |  0.5
Summonings     | |  0.5
Translocations | |  0.5
Transmutations | |  0.5
Fire Magic     | |  0.5
Ice Magic      | |  0.5
Air Magic      | |  0.5
Earth Magic    | |  0.5
Poison Magic   | |  0.5
Evocations     | |  2.6

Action                   || total
-------------------------++-------
Melee: Falchion          ||    57
       Bite              ||     6
 Stab: Sleeping          ||     3
Armor: Leather armour    ||    21
Dodge: Dodged            ||    48
       Rpst.: Falchion   ||    11
